 Dungeon Crawl Stone Soup version 0.30-a0-743-gbfdf073431 (webtiles) character file.

Game seed: 16419920436501067176

156 Crownlay the Digger (level 5, 0/37 HPs)
             Began as a Gnoll Earth Elementalist on Feb 6, 2023.
             Slain by an orc wizard
             ... wielding a +0 dagger
              (3 damage)
             ... on level 4 of the Dungeon.
             The game lasted 00:02:17 (2646 turns).

Crownlay the Digger (Gnoll Earth Elementalist)      Turns: 2646, Time: 00:02:17

Health: 0/37       AC:  2    Str:  7    XL:     5   Next: 38%
Magic:  5/12       EV: 13    Int: 16    God:
Gold:   200        SH:  0    Dex: 13    Spells: 10/14 levels left

rFire   . . .      SeeInvis .    e - +2 mace (venom)
rCold   . . .      Faith    .    (no shield)
rNeg    . . .      Spirit   .    a - +0 robe
rPois   .          Reflect  .    (no helmet)
rElec   .          Harm     .    (no cloak)
rCorr   .          Rampage  .    (no gloves)
Will    .....                    (no boots)
Stlth   +++                      (no amulet)
HPRegen 0.26/turn                (no ring)
MPRegen 0.13/turn                (no ring)

@: no status effects
A: fangs 1, strong nose, distributed training
a: no special abilities


You were on level 4 of the Dungeon.
You visited 1 branch of the dungeon, and saw 4 of its levels.

You collected 200 gold pieces.

Inventory:

Hand Weapons
 e - a +2 mace of venom (weapon)
Armour
 a - a +0 robe (worn)
Scrolls
 c - a scroll of silence {unknown}
 i - 2 scrolls of teleportation
 k - a scroll of fog {unknown}
 l - a scroll of enchant armour {unknown}
 m - 2 scrolls of blinking
 o - 2 scrolls of magic mapping
 p - 2 scrolls of enchant weapon {unknown}
 q - 3 scrolls of fear {unknown}
 r - a scroll of acquirement {unknown}
 s - a scroll of immolation {unknown}
 t - a scroll of poison {unknown}
Potions
 b - 2 potions of magic
 d - 2 potions of heal wounds {unknown}
 f - 2 potions of attraction {unknown}
 g - 2 potions of lignification {unknown}
 j - a potion of haste {unknown}
 n - a potion of mutation {unknown}


   Skills:
 + Level 1.5 Fighting
 + Level 1.5 Short Blades
 + Level 1.5 Long Blades
 + Level 1.5 Axes
 + Level 1.5 Maces & Flails
 + Level 1.5 Polearms
 + Level 1.5 Staves
 + Level 1.5 Ranged Weapons
 + Level 1.5 Throwing
 + Level 1.5 Armour
 + Level 4.8 Dodging
 + Level 4.4 Stealth
 + Level 1.5 Shields
 + Level 1.5 Unarmed Combat
 + Level 5.2 Spellcasting
 + Level 1.2 Conjurations
 + Level 1.2 Hexes
 + Level 1.2 Summonings
 + Level 1.2 Necromancy
 + Level 1.2 Translocations
 + Level 2.4 Transmutations
 + Level 1.2 Fire Magic
 + Level 1.2 Ice Magic
 + Level 1.2 Air Magic
 + Level 5.5 Earth Magic
 + Level 1.2 Poison Magic
 + Level 1.7 Invocations
 + Level 1.5 Evocations


You had 10 spell levels left.
You knew the following spells:

 Your Spells              Type           Power      Damage    Failure   Level
a - Sandblast             Erth           44%        2d11      1%          1
b - Stone Arrow           Conj/Erth      30%        3d8       11%         3

Your spell library contained the following spells:

 Spells                   Type           Power      Damage    Failure   Level
 Passwall                 Tmut/Erth      14%        N/A       4%          2
 Petrify                  Tmut/Erth      17%        N/A       28%         4


Dungeon Overview and Level Annotations

Branches:
Dungeon (4/15)
 Temple: D:4-7

Altars:

Annotations:
D:3 4 runed translucent doors, Athor's ghost, novice SpBr; Crazy Yiuf


Innate Abilities, Weirdness & Mutations

You have very sharp teeth.
Your uncanny sense of smell can sniff out nearby items.
Your experience applies equally to all skills.


Message History

You kill the orc!
A magic dart appears from out of thin air!
The magic dart hits you.
The blast of sand hits the hound!
The hound is severely wounded.
A kobold comes into view. It is wielding a +0 dagger.
The blast of sand hits the hound!
You kill the hound!
The blast of sand hits the orc priest!
The orc priest is severely wounded.
An orc comes into view. It is wielding a +0 war axe.
The blast of sand hits the orc priest but does no damage.
The orc priest is severely wounded.
The orc shouts!
The orc priest invokes the aid of Beogh against you.
Beogh smites you!
You are too injured to fight recklessly!
You are too injured to fight recklessly!
You are too injured to fight recklessly!
Casting: Sandblast (safe; 1% risk of failure)
Confirm with . or Enter, or press ? or * to list all spells.
Aiming: Sandblast (safe; 1% risk of failure)
Press: ? - help, Shift-Dir - straight line, f/p - orc priest
Aim: an orc priest, wielding a +0 dagger and wearing a +0 ring mail (severely wounded, 85% to hit)
The blast of sand hits the orc priest.
The orc priest is almost dead.
The orc priest hits you with a +0 dagger.
Something hits you.
Casting: Sandblast (safe; 1% risk of failure)
Confirm with . or Enter, or press ? or * to list all spells.
Aiming: Sandblast (safe; 1% risk of failure)
Press: ? - help, Shift-Dir - straight line, f/p - orc priest
Aim: an orc priest, wielding a +0 dagger and wearing a +0 ring mail (almost dead, 85% to hit)
The blast of sand hits the orc priest but does no damage.
The orc priest is almost dead.
The orc priest invokes the aid of Beogh against you.
Beogh smites you!
* * * LOW HITPOINT WARNING * * *
Something hits you.
You die...

...............##...
..............## .
.........(...## .#
..............###.##..
...............>......
..........###.<.####.#.
...######.. #..........
.. ###...#....#.#.##
.....K{@..!..#
....#.o####....# .. #).
...!.. .o.. ......
∆..... .#... .......
.#... ......# ......


You could see an orc priest, an orc and a kobold.

Vanquished Creatures
  A hound (D:4)
  An iguana (D:4)
  2 adders (D:2)
  2 worms
  2 dart slugs (D:2)
  8 orcs
  2 bats (D:1)
  3 endoplasms
  2 giant cockroaches (D:2)
  6 goblins
  5 hobgoblins
  10 jackals
  5 kobolds
  5 ball pythons
  3 frilled lizards
  5 rats
62 creatures vanquished.

Notes
Turn   | Place    | Note
-------+----------+-------------------------------------------
     0 | D:1      | Crownlay the Gnoll Earth Elementalist began the quest for
                  | the Orb.
     0 | D:1      | Reached XP level 1. HP: 13/13 MP: 6/6
   119 | D:1      | Reached XP level 2. HP: 19/19 MP: 5/7
   576 | D:1      | Reached skill level 5 in Spellcasting
   576 | D:1      | Reached XP level 3. HP: 25/25 MP: 6/9
   968 | D:2      | Reached skill level 1 in Invocations
  1080 | D:2      | Reached skill level 1 in Fighting
  1080 | D:2      | Reached skill level 1 in Short Blades
  1080 | D:2      | Reached skill level 1 in Long Blades
  1080 | D:2      | Reached skill level 1 in Axes
  1080 | D:2      | Reached skill level 1 in Maces & Flails
  1080 | D:2      | Reached skill level 1 in Polearms
  1080 | D:2      | Reached skill level 1 in Staves
  1080 | D:2      | Reached skill level 1 in Ranged Weapons
  1080 | D:2      | Reached skill level 1 in Throwing
  1080 | D:2      | Reached skill level 1 in Armour
  1080 | D:2      | Reached skill level 1 in Shields
  1080 | D:2      | Reached skill level 1 in Unarmed Combat
  1080 | D:2      | Reached skill level 1 in Evocations
  1189 | D:2      | Reached XP level 4. HP: 17/32 MP: 2/11
  1422 | D:2      | Identified the +6 sling of the Decaying God {flame, rF++
                  | SInv}
  1516 | D:3      | Reached skill level 1 in Conjurations
  1516 | D:3      | Reached skill level 1 in Hexes
  1516 | D:3      | Reached skill level 1 in Summonings
  1516 | D:3      | Reached skill level 1 in Necromancy
  1516 | D:3      | Reached skill level 1 in Translocations
  1516 | D:3      | Reached skill level 1 in Fire Magic
  1516 | D:3      | Reached skill level 1 in Ice Magic
  1516 | D:3      | Reached skill level 1 in Air Magic
  1516 | D:3      | Reached skill level 1 in Poison Magic
  1620 | D:3      | Found a runed translucent gate.
  1622 | D:3      | Found a runed translucent gate.
  1624 | D:3      | Found a runed translucent gate.
  1625 | D:3      | Noticed Athor's ghost (novice SpBr)
  1980 | D:3      | Found a runed translucent door.
  1981 | D:3      | Noticed Crazy Yiuf
  2578 | D:4      | Reached XP level 5. HP: 37/37 MP: 5/12
  2582 | D:4      | Learned a level 3 spell: Stone Arrow
  2646 | D:4      | Slain by an orc wizard

Illustrated notes

Levels and vault maps discovered:
D:1:      ncdulo_halloftheorcs, layout_basic, chequers_serial_rivers_room_b
D:2:      layout_rooms
D:3:      layout_basic, gammafunk_ghost_split, minmay_misc_feat_diagonals,
          uniq_crazy_yiuf_cottage
D:4:      layout_rooms, minmay_a_box_with_orc_wizards_in_it, uniq_ijyb

Skill      XL: |  1  2  3  4 |
---------------+-------------+-----
Transmutations | 2 |  2.4
Spellcasting   | 5 |  5.2
Invocations    | 1 |  1.7
Fighting       | 1 |  1.5
Short Blades   | 1 |  1.5
Long Blades    | 1 |  1.5
Axes           | 1 |  1.5
Maces & Flails | 1 |  1.5
Polearms       | 1 |  1.5
Staves         | 1 |  1.5
Ranged Weapons | 1 |  1.5
Throwing       | 1 |  1.5
Armour         | 1 |  1.5
Shields        | 1 |  1.5
Unarmed Combat | 1 |  1.5
Evocations     | 1 |  1.5
Conjurations   | 1 |  1.2
Hexes          | 1 |  1.2
Summonings     | 1 |  1.2
Necromancy     | 1 |  1.2
Translocations | 1 |  1.2
Fire Magic     | 1 |  1.2
Ice Magic      | 1 |  1.2
Air Magic      | 1 |  1.2
Poison Magic   | 1 |  1.2
Dodging        | |  4.8
Stealth        | |  4.4
Earth Magic    | |  5.5

Action                     |  1- 3 |  4- 6 || total
---------------------------+-------+-------++-------
  Melee: Mace              |       |     3 ||     3
         Bite              |       |     1 ||     1
   Cast: Sandblast         |    52 |    36 ||    88
    Use: Scroll            |       |     3 ||     3
 Armour: Robe              |     1 |     3 ||     4
  Dodge: Dodged            |    21 |    13 ||    34

Table legend: (Time is in decaauts)
 A = Elapsed time spent in this place.
 B = Non-inter-level travel time spent in this place.
 C = Inter-level travel time spent in this place.
 D = Time resting spent in this place.
 E = Time spent auto-exploring this place.
 F = Levels seen in this place.
 G = Mean time per level.
                   A        B        C        D        E       F      G
               +--------+--------+--------+--------+--------+-----+--------+
         Total |   2691 |   2624 |     67 |      0 |   2320 |   4 |  672.8 |
       Dungeon |   2691 |   2624 |     67 |      0 |   2320 |   4 |  672.8 |
               +--------+--------+--------+--------+--------+-----+--------+

Top non-repeatable levels by time:
     D:3: 1062 daAuts
     D:1: 968 daAuts
     D:2: 575 daAuts
     D:4: 85 daAuts
